 Dungeon Crawl Stone Soup version 0.29.1-12-g30fa7ad0bf (webtiles) character file.

Game seed: 6445228489521393850

21 fishmans the Cudgeller (level 2, 19/19 HPs)
             Began as a Gargoyle Fighter on Jan 11, 2023.
             Was a Follower of Dithmenos.
             Quit the game on level 1 of the Dungeon.
             The game lasted 00:01:51 (584 turns).

fishmans the Cudgeller (Gargoyle Fighter)            Turns: 584, Time: 00:01:51

Health: 19/19      AC:  9    Str: 19    XL:     2   Next: 87%
Magic:  2/2        EV:  9    Int:  8    God:    Dithmenos [*.....]
Gold:   57         SH:  4    Dex:  9    Spells: 1/1 levels left

rFire   . . .      SeeInvis .   a - +0 flail
rCold   . . .      Faith    .   c - +0 buckler
rNeg    + . .      Spirit   .   b - +0 scale mail
rPois   ∞          Reflect  .   (no helmet)
rElec   +          Harm     .   (no cloak)
rCorr   .          Rampage  .   (no gloves)
Will    .....                   (no boots)
Stlth   ..........              (no amulet)
HPRegen 0.06/turn               (no ring)
MPRegen 0.08/turn               (no ring)

@: wreathed by umbra
A: sickness immunity, AC +2, negative energy resistance 1, electricity
resistance, torment resistance 1, petrification resistance
a: Renounce Religion


You were on level 1 of the Dungeon.
You worshipped Dithmenos.
Dithmenos was aware of your devotion.
You visited 1 branch of the dungeon, and saw 1 of its levels.

You collected 57 gold pieces.

Inventory:

Hand Weapons
 a - a +0 flail (weapon)
Armour
 b - a +0 scale mail (worn)
 c - a +0 buckler (worn)
 h - a +0 pair of boots
Scrolls
 e - a scroll of magic mapping {unknown}
 f - a scroll of fear {unknown}
 g - a scroll of teleportation {unknown}
Potions
 d - a potion of might


   Skills:
 - Level 3.2 Fighting
 + Level 3.3 Maces & Flails
 - Level 3.2 Armour
 - Level 3.2 Shields


You had one spell level left.
You didn't know any spells.
Your spell library was empty.

Dungeon Overview and Level Annotations

Branches:
Dungeon (1/15)

Altars:
Dithmenos


Innate Abilities, Weirdness & Mutations

You are immune to sickness and miasma.
Your stone body is resilient. (AC +2)
You are immune to poison.
You resist negative energy. (rN+)
You are resistant to electric shocks. (rElec)
You are resistant to unholy torment.
You are immune to petrification.


Message History

You closely miss the kobold. The kobold closely misses you.
The kobold barely misses you.
You hit the kobold.
The kobold is heavily wounded.
You block the kobold's attack.
You sock the kobold!
You kill the kobold!
Dithmenos accepts your kill.
No target in view!
You see here a +0 club.
Found a stone staircase leading down.
A goblin comes into view. It is wielding a +0 club.
The goblin shouts!
You sock the goblin!
You kill the goblin!
Dithmenos accepts your kill.
An endoplasm comes into view.
The endoplasm quivers.
You see here a +0 club.
An endoplasm is nearby!
You barely miss the endoplasm. The endoplasm freezes you.
You are frozen.
You hit the endoplasm.
The endoplasm is almost dead.
The endoplasm hits you but does no damage.
You hit the endoplasm.
You kill the endoplasm!
Dithmenos accepts your kill.
No target in view!
f - a scroll labelled ARAMUVI HIEV
Found 2 stones.
You now have 41 gold pieces (gained 17).
Found a pair of boots.
g - a scroll labelled VINYSE CUGIW
Found a stone staircase leading down.
You now have 57 gold pieces (gained 16).
You see here a +0 pair of boots.
h - a +0 pair of boots Are you sure you want to abandon this character and quit the game? (Confirm with "yes".)

###### #...
...... ...#
###### ##
#.#.######## ##
#> ..........@#
###. #.
#.#.######.#
... #. #.#...#
#.# ###.#####
#. #.###.####.#
#........
#.##..........#
.#......
#....###.######
#####...###
####.# #.# #..
...........
#...#.# #.#
##########'
###.#.# #.#
#8...


There were no monsters in sight!

Vanquished Creatures
  A dart slug (D:1)
  2 bats (D:1)
  3 endoplasms (D:1)
  A giant cockroach (D:1)
  2 goblins (D:1)
  2 jackals (D:1)
  3 kobolds (D:1)
  A ball python (D:1)
  2 frilled lizards (D:1)
17 creatures vanquished.

Notes
Turn   | Place    | Note
-------+----------+-------------------------------------------
     0 | D:1      | fishmans the Gargoyle Fighter began the quest for the Orb.
     0 | D:1      | Reached XP level 1. HP: 14/14 MP: 1/1
   107 | D:1      | Reached XP level 2. HP: 19/19 MP: 2/2
   187 | D:1      | Found a faded altar of an unknown god.
   249 | D:1      | Prayed at the altar of an unknown god.
   249 | D:1      | Became a worshipper of Dithmenos the Shadowed
   249 | D:1      | Reached * piety under Dithmenos
   584 | D:1      | Quit the game

Illustrated notes

Levels and vault maps discovered:
D:1:      lightli_arrival_noodles, layout_basic, ebering_ecumenical_altar_hall,
          chequers_serial_rivers_micro_b, minivault_24,
          wad_floor_pattern_untrapped

Skill      XL: |  1  2 |
---------------+-------+-----
Maces & Flails | 3 |  3.3
Fighting       | |  3.2
Armour         | |  3.2
Shields        | |  3.2

Action                   || total
-------------------------++-------
Melee: Flail             ||    48
Armor: Scale mail        ||    25
Dodge: Dodged            ||    21
Block: Buckler           ||     7
